3AA
FT. POLK SOUTH THUNDER HAWKS @ BILLINGS POLAR BEARS
08/27/2020
 
TOP OF THE 1ST
Ft. Polk South Thunder Hawks batting - Pitching for Billings Polar Bears : RHP Jesús Rivera
Pitching: RHP Jesús Rivera
Batting: SHB Jim Unknown 0-0: Called Strike
0-1: Ball
1-1: Fly out, F9 (Flyball, 89M)
Batting: RHB Steven Grant 0-0: Ball
1-0: Ground out 6-3 (Groundball, 6)
Batting: RHB Héctor López 0-0: Called Strike
0-1: Ball
1-1: Ball
2-1: Fly out, F8 (Flyball, 8LS)
Top of the 1st over - 0 run(s), 0 hit(s), 0 error(s), 0 left on base; Ft. Polk South 0 - Billings 0
BOTTOM OF THE 1ST
Billings Polar Bears batting - Pitching for Ft. Polk South Thunder Hawks : RHP Fernando Peralta
Pitching: RHP Fernando Peralta
Batting: RHB Clarros Ramada 0-0: Ball
1-0: Foul Ball, location: 2F
1-1: Called Strike
1-2: Foul Ball, location: 2F
1-2: Strikes out swinging
Batting: RHB Domenic Gallard 0-0: Foul Ball, location: 2F
0-1: Ground out U3 (Groundball, 3)
Batting: LHB Alfonso Núñez 0-0: Called Strike
0-1: Ground out 6-3 (Groundball, 6)
Bottom of the 1st over - 0 run(s), 0 hit(s), 0 error(s), 0 left on base; Ft. Polk South 0 - Billings 0
TOP OF THE 2ND
Ft. Polk South Thunder Hawks batting - Pitching for Billings Polar Bears : RHP Jesús Rivera
Batting: SHB Ted Hansen 0-0: Called Strike
0-1: Ground out 6-3 (Groundball, 6M)
Batting: LHB José López 0-0: Called Strike
0-1: Fly out, F9 (Flyball, 9D)
Batting: SHB Paul Wright 0-0: Called Strike
0-1: Ball
1-1: Foul Ball, location: 2F
1-2: Ball
2-2: Strikes out swinging
Top of the 2nd over - 0 run(s), 0 hit(s), 0 error(s), 0 left on base; Ft. Polk South 0 - Billings 0
BOTTOM OF THE 2ND
Billings Polar Bears batting - Pitching for Ft. Polk South Thunder Hawks : RHP Fernando Peralta
Batting: RHB José Carlos Ramos 0-0: Ball
1-0: Foul Ball, location: 2F
1-1: Ball
2-1: Ground out 5-3 (Groundball, 5L)
Batting: RHB Jean Chamissa 0-0: Ball
1-0: Swinging Strike
1-1: Ball
2-1: Foul Ball, location: 2F
2-2: SINGLE (Line Drive, 6MD)
Batting: RHB Ulbert Sutkamp 0-0: Ball
Jean Chamissa is caught stealing 2nd base
1-0: Foul Ball, location: 2F
1-1: Ball
2-1: Swinging Strike
2-2: Strikes out swinging
Bottom of the 2nd over - 0 run(s), 1 hit(s), 0 error(s), 0 left on base; Ft. Polk South 0 - Billings 0
TOP OF THE 3RD
Ft. Polk South Thunder Hawks batting - Pitching for Billings Polar Bears : RHP Jesús Rivera
Batting: RHB Clark Calhoun 0-0: Foul Ball, location: 2F
0-1: Ball
1-1: Foul Ball, location: 2F
1-2: SINGLE (Flyball, 89S)
Batting: RHB Henry Weber 0-0: Ball
1-0: Grounds into double play, 6-4-3 (Groundball, 6)
Batting: RHB Tim Norris 0-0: Ball
1-0: Called Strike
1-1: Foul Ball, location: 2F
1-2: DOUBLE (Line Drive, 8LM)
Batting: SHB Jim Unknown 0-0: Called Strike
0-1: Ball
1-1: Swinging Strike
1-2: Ball
2-2: Strikes out swinging
Top of the 3rd over - 0 run(s), 2 hit(s), 0 error(s), 1 left on base; Ft. Polk South 0 - Billings 0
BOTTOM OF THE 3RD
Billings Polar Bears batting - Pitching for Ft. Polk South Thunder Hawks : RHP Fernando Peralta
Batting: LHB Mario Cruz 0-0: Ball
1-0: Called Strike
1-1: Ball
2-1: SINGLE (Groundball, 56D)
Batting: RHB Rubén Marino 0-0: Called Strike
0-1: Fly out, F4 (Popup, 4D)
Batting: LHB Eduardo Álvarez 0-0: Called Strike
0-1: Fly out, F7 (Flyball, 78M)
Batting: RHB Clarros Ramada 0-0: Called Strike
0-1: Ball
1-1: Ground out 6-3 (Groundball, 56)
Bottom of the 3rd over - 0 run(s), 1 hit(s), 0 error(s), 1 left on base; Ft. Polk South 0 - Billings 0
TOP OF THE 4TH
Ft. Polk South Thunder Hawks batting - Pitching for Billings Polar Bears : RHP Jesús Rivera
Batting: RHB Steven Grant 0-0: Ball
1-0: Called Strike
1-1: Foul Ball, location: 2F
1-2: SINGLE (Groundball, 56)
Batting: RHB Héctor López 0-0: Fielders Choice at 2nd, 5-4 (Groundball, 5L)
Batting: SHB Ted Hansen 0-0: Called Strike
Héctor López steals 2nd base
0-1: Ball
1-1: Swinging Strike
1-2: Strikes out swinging
Batting: LHB José López 0-0: Ball
1-0: Fly out, F7 (Flyball, 78M)
Top of the 4th over - 0 run(s), 1 hit(s), 0 error(s), 1 left on base; Ft. Polk South 0 - Billings 0
BOTTOM OF THE 4TH
Billings Polar Bears batting - Pitching for Ft. Polk South Thunder Hawks : RHP Fernando Peralta
Batting: RHB Domenic Gallard 0-0: Called Strike
0-1: Foul Ball, location: 2F
0-2: Strikes out looking
Batting: LHB Alfonso Núñez 0-0: Foul Ball, location: 2F
0-1: Hit by Pitch
Batting: RHB José Carlos Ramos 0-0: Ball
1-0: Ball
2-0: Ball
3-0: Called Strike
3-1: SINGLE (Line Drive, 6D)
Alfonso Núñez to second
Batting: RHB Jean Chamissa 0-0: Called Strike
0-1: Swinging Strike
0-2: Ball
1-2: Ball
2-2: Strikes out looking
Batting: RHB Ulbert Sutkamp 0-0: Ground out U3 (Groundball, 3S)
Bottom of the 4th over - 0 run(s), 1 hit(s), 0 error(s), 2 left on base; Ft. Polk South 0 - Billings 0
TOP OF THE 5TH
Ft. Polk South Thunder Hawks batting - Pitching for Billings Polar Bears : RHP Jesús Rivera
Batting: SHB Paul Wright 0-0: Ball
1-0: Bunt missed!
1-1: Foul Ball, location: 2F
1-2: Foul Ball, location: 2F
1-2: Foul Ball, location: 2F
1-2: Ball
2-2: Fly out, F3 (Line Drive, 3S)
Batting: RHB Clark Calhoun 0-0: Called Strike
0-1: Called Strike
0-2: Foul Ball, location: 2F
0-2: Foul Ball, location: 2F
0-2: Strikes out swinging
Batting: RHB Henry Weber 0-0: Ball
1-0: Ball
2-0: Ball
3-0: Swinging Strike
3-1: Ground out 5-3 (Groundball, 56S)
Top of the 5th over - 0 run(s), 0 hit(s), 0 error(s), 0 left on base; Ft. Polk South 0 - Billings 0
BOTTOM OF THE 5TH
Billings Polar Bears batting - Pitching for Ft. Polk South Thunder Hawks : RHP Fernando Peralta
Batting: LHB Mario Cruz 0-0: Called Strike
0-1: Ball
1-1: Foul Ball, location: 2F
1-2: Ball
2-2: Strikes out swinging
Batting: RHB Rubén Marino 0-0: Called Strike
0-1: Ground out 4-3 (Groundball, 4M)
Batting: LHB Eduardo Álvarez 0-0: Ball
1-0: SINGLE (Flyball, 9S)
Batting: RHB Clarros Ramada 0-0: Ball
1-0: Swinging Strike
1-1: Fly out, F8 (Flyball, 8RM)
Bottom of the 5th over - 0 run(s), 1 hit(s), 0 error(s), 1 left on base; Ft. Polk South 0 - Billings 0
TOP OF THE 6TH
Ft. Polk South Thunder Hawks batting - Pitching for Billings Polar Bears : RHP Jesús Rivera
Batting: RHB Tim Norris 0-0: Ball
1-0: Ball
2-0: Fly out, F8 (Flyball, 8LM)
Batting: SHB Jim Unknown 0-0: Called Strike
0-1: Ball
1-1: Ground out 3-1 (Groundball, 34)
Batting: RHB Steven Grant 0-0: Ball
1-0: Called Strike
1-1: Ball
2-1: Ground out 6-3 (Groundball, 6M)
Top of the 6th over - 0 run(s), 0 hit(s), 0 error(s), 0 left on base; Ft. Polk South 0 - Billings 0
BOTTOM OF THE 6TH
Billings Polar Bears batting - Pitching for Ft. Polk South Thunder Hawks : RHP Fernando Peralta
Batting: RHB Domenic Gallard 0-0: Ball
1-0: Foul Ball, location: 2F
1-1: Called Strike
1-2: Ball
2-2: Ground out 6-3 (Groundball, 6)
Batting: LHB Alfonso Núñez 0-0: Called Strike
0-1: Called Strike
0-2: Ball
1-2: Ball
2-2: Ball
3-2: Base on Balls
Batting: RHB José Carlos Ramos 0-0: Called Strike
0-1: Ball
1-1: Ball
2-1: Fly out, F4 (Popup, 4MD)
Batting: RHB Jean Chamissa 0-0: Ground out 5-3 (Groundball, 56S)
Bottom of the 6th over - 0 run(s), 0 hit(s), 0 error(s), 1 left on base; Ft. Polk South 0 - Billings 0
TOP OF THE 7TH
Ft. Polk South Thunder Hawks batting - Pitching for Billings Polar Bears : RHP Jesús Rivera
Batting: RHB Héctor López 0-0: Fly out, F9 (Flyball, 9M)
Batting: SHB Ted Hansen 0-0: Ball
1-0: Called Strike
1-1: Fly out, F3 (Popup, 3D)
Batting: LHB José López 0-0: Called Strike
0-1: Ground out 4-3 (Groundball, 34)
Top of the 7th over - 0 run(s), 0 hit(s), 0 error(s), 0 left on base; Ft. Polk South 0 - Billings 0
BOTTOM OF THE 7TH
Billings Polar Bears batting - Pitching for Ft. Polk South Thunder Hawks : RHP Fernando Peralta
Batting: RHB Ulbert Sutkamp 0-0: Called Strike
0-1: Called Strike
0-2: Strikes out looking
Batting: LHB Mario Cruz 0-0: Ball
1-0: Ball
2-0: Ball
3-0: Called Strike
3-1: Foul Ball, location: 2F
3-2: Foul Ball, location: 2F
3-2: Base on Balls
Batting: RHB Rubén Marino 0-0: Ball
1-0: Fly out, F8 (Flyball, 8LS)
Batting: LHB Eduardo Álvarez 0-0: Called Strike
0-1: Ball
1-1: Ball
2-1: Swinging Strike
2-2: Ball
3-2: Base on Balls
Mario Cruz to second
Batting: RHB Clarros Ramada 0-0: Fly out, F9 (Flyball, 9D)
Bottom of the 7th over - 0 run(s), 0 hit(s), 0 error(s), 2 left on base; Ft. Polk South 0 - Billings 0
TOP OF THE 8TH
Ft. Polk South Thunder Hawks batting - Pitching for Billings Polar Bears : RHP Jesús Rivera
Pinch Hitting: RHB Jim Unknown 0-0: Swinging Strike
0-1: Ball
1-1: Foul Ball, location: 2F
1-2: Ball
2-2: Strikes out looking
Batting: RHB Clark Calhoun 0-0: Ball
1-0: Called Strike
1-1: Ground out 5-3 (Groundball, 56)
Pinch Hitting: RHB Aurelio Annunziato 0-0: Ball
1-0: Foul Ball, location: 2F
1-1: Swinging Strike
1-2: Ball
2-2: Strikes out swinging
Top of the 8th over - 0 run(s), 0 hit(s), 0 error(s), 0 left on base; Ft. Polk South 0 - Billings 0
BOTTOM OF THE 8TH
Billings Polar Bears batting - Pitching for Ft. Polk South Thunder Hawks : RHP Fernando Peralta
Now at SS: Joe Murray
Now in CF: Aurelio Annunziato
Pinch Hitting: LHB Ernie Zambrano 0-0: Called Strike
0-1: Ground out 6-3 (Groundball, 6M)
Batting: LHB Alfonso Núñez 0-0: Called Strike
0-1: Swinging Strike
0-2: Ball
1-2: Ball
2-2: Foul Ball, location: 2F
2-2: Strikes out swinging
Batting: RHB José Carlos Ramos 0-0: Ball
1-0: Foul Ball, location: 2F
1-1: Foul Ball, location: 2F
1-2: Reached on error, E6 (Groundball, 6M)
Batting: RHB Jean Chamissa 0-0: Ball
1-0: Called Strike
1-1: DOUBLE (Line Drive, 7LM)
José Carlos Ramos to third
Runner from 3rd tries for Home, throw and OUT!
Bottom of the 8th over - 0 run(s), 1 hit(s), 1 error(s), 1 left on base; Ft. Polk South 0 - Billings 0
TOP OF THE 9TH
Ft. Polk South Thunder Hawks batting - Pitching for Billings Polar Bears : RHP Jesús Rivera
Now in RF: Ernie Zambrano
Pinch Hitting: RHB Alfredo González 0-0: Ball
1-0: Ground out 4-3 (Groundball, 4)
Batting: SHB Jim Unknown 0-0: SINGLE (Line Drive, 9S)
Batting: RHB Steven Grant 0-0: Swinging Strike
0-1: Ball
1-1: Ball
2-1: Ball
3-1: Called Strike
3-2: Foul Ball, location: 2F
3-2: Foul Ball, location: 2F
3-2: Base on Balls
Jim Unknown to second
Pitching: LHP Tomás Galván
Batting: RHB Héctor López 0-0: Ball
1-0: Fly out, F3 (Line Drive, 34)
1-0: Lined into DP, U3 (Line Drive, 34)
Top of the 9th over - 0 run(s), 1 hit(s), 0 error(s), 1 left on base; Ft. Polk South 0 - Billings 0
BOTTOM OF THE 9TH
Billings Polar Bears batting - Pitching for Ft. Polk South Thunder Hawks : RHP Fernando Peralta
Now at 2B: Armando Olvera
Pinch Hitting: SHB Jared Robinson 0-0: Swinging Strike
0-1: Fly out, F8 (Flyball, 8LM)
Batting: LHB Mario Cruz 0-0: Called Strike
0-1: DOUBLE (Flyball, 8LXD)
Pinch Hitting: RHB John Moore 0-0: Intentional Walk
Pitching: RHP Johnny Allen
Pinch Hitting: SHB Daryl Lloyd 0-0: Ball
1-0: Ball
2-0: Called Strike
2-1: Ball
3-1: Grounds into double play, U4-3 (Groundball, 4)
Bottom of the 9th over - 0 run(s), 1 hit(s), 0 error(s), 1 left on base; Ft. Polk South 0 - Billings 0
TOP OF THE 10TH
Ft. Polk South Thunder Hawks batting - Pitching for Billings Polar Bears : LHP Tomás Galván
Now at 2B: John Moore
Now at SS: Diego Chacón
Now in CF: Daryl Lloyd
Batting: SHB Ted Hansen 0-0: SINGLE (Flyball, 7S)
Batting: LHB José López 0-0: SINGLE (Line Drive, 89S)
Ted Hansen to second
Batting: RHB Joe Murray 0-0: Called Strike
0-1: Called Strike
0-2: Ball
1-2: Strikes out swinging
Batting: RHB Clark Calhoun 0-0: Foul Ball, location: 2F
0-1: Ball
1-1: Called Strike
1-2: Ball
2-2: Ball
3-2: Grounds into double play, 6-4-3 (Groundball, 6)
Top of the 10th over - 0 run(s), 2 hit(s), 0 error(s), 1 left on base; Ft. Polk South 0 - Billings 0
BOTTOM OF THE 10TH
Billings Polar Bears batting - Pitching for Ft. Polk South Thunder Hawks : RHP Johnny Allen
Pinch Hitting: RHB Armando Reyes 0-0: Foul Ball, location: 2F
0-1: Swinging Strike
0-2: Ball
1-2: Ball
2-2: Fly out, F7 (Flyball, 7S)
Batting: LHB Ernie Zambrano 0-0: Ground out U3 (Groundball, 3L)
Batting: LHB Alfonso Núñez 0-0: Fly out, F7 (Flyball, 7S)
Bottom of the 10th over - 0 run(s), 0 hit(s), 0 error(s), 0 left on base; Ft. Polk South 0 - Billings 0
TOP OF THE 11TH
Ft. Polk South Thunder Hawks batting - Pitching for Billings Polar Bears : LHP Tomás Galván
Now at C: Juan Garza
Batting: RHB Aurelio Annunziato 0-0: Ball
1-0: Swinging Strike
1-1: Ball
2-1: Foul Ball, location: 2F
2-2: Foul Ball, location: 2F
2-2: Strikes out swinging
Batting: SHB Armando Olvera 0-0: Foul Ball, location: 2F
0-1: Ball
1-1: Ball
2-1: Swinging Strike
2-2: Foul Ball, location: 2F
2-2: Ball
3-2: Foul Ball, location: 2F
3-2: Base on Balls
Batting: SHB Jim Unknown 0-0: Called Strike
0-1: Fly out, F4 (Popup, 6MD)
Batting: RHB Steven Grant 0-0: Foul Ball, location: 2F
0-1: Ball
1-1: Fly out, F3 (Popup, 23F)
Top of the 11th over - 0 run(s), 0 hit(s), 0 error(s), 1 left on base; Ft. Polk South 0 - Billings 0
BOTTOM OF THE 11TH
Billings Polar Bears batting - Pitching for Ft. Polk South Thunder Hawks : RHP Johnny Allen
Batting: RHB José Carlos Ramos 0-0: Fly out, F7 (Flyball, 7M)
Pitching: RHP Kip Hill
Batting: RHB Jean Chamissa 0-0: Ball
1-0: Called Strike
1-1: Called Strike
1-2: Foul Ball, location: 2F
1-2: Foul Ball, location: 2F
1-2: Ball
2-2: Foul Ball, location: 2F
2-2: Reached on error, E5 (Groundball, 5S)
Batting: SHB Diego Chacón 0-0: Ball
1-0: Ball
2-0: Called Strike
2-1: Ground out 5-3 (Groundball, 5)
Jean Chamissa to second
Batting: LHB Mario Cruz 0-0: Called Strike
0-1: Swinging Strike
0-2: Ball
1-2: Ball
2-2: Ball
3-2: Base on Balls
Batting: RHB John Moore 0-0: Ball
1-0: Called Strike
1-1: Foul Ball, location: 2F
1-2: Ball
2-2: Ball
3-2: Base on Balls
Jean Chamissa to third
Mario Cruz to second
Batting: SHB Daryl Lloyd 0-0: Ball
1-0: SINGLE (Flyball, 7LM)
Jean Chamissa scores
This league is powered by Out of the Park Baseball, the baseball management simulation game for PC, Mac and Linux
Friday, October 23rd, 2015 - OOTP Baseball 16.9 Build 39